 Dungeon Crawl Stone Soup version 0.26-a0-519-gb2f46ef (webtiles) character file.

Game seed: 968622378251677920

35 MrTaco21 the Cudgeler (level 3, -9/23 HPs)
             Began as a Gargoyle Fighter on Aug 11, 2020.
             Mangled by an ogre
             ... wielding a +0 giant club
              (11 damage)
             ... on level 2 of the Dungeon.
             The game lasted 00:01:55 (1045 turns).

MrTaco21 the Cudgeler (Gargoyle Fighter)            Turns: 1045, Time: 00:01:56

Health: -9/23      AC: 12    Str: 20    XL:     3   Next: 35%
Magic:  3/3        EV:  5    Int:  8    God:
Gold:   51         SH:  9    Dex:  9    Spells: 2/2 levels left

rFire    . . .     SeeInvis .   a - +0 flail
rCold    . . .     Faith    .   c - +0 kite shield
rNeg     + . .     Spirit   .   q - +0 chain mail
rPois    ∞         Reflect  .   (no helmet)
rElec    +         Harm     .   (no cloak)
rCorr    .                      (no gloves)
MR       .....                  (no boots)
Stlth    ..........             (no amulet)
HPRegen  0.07/turn              (no ring)
MPRegen  0.08/turn              (no ring)

@: no status effects
A: negative energy resistance 1, electricity resistance, unbreathing,
petrification resistance, rot immunity, AC +3
a: no special abilities


You were on level 2 of the Dungeon.
You visited 1 branch of the dungeon, and saw 2 of its levels.

You collected 51 gold pieces.

Inventory:

Hand Weapons
 a - a +0 flail (weapon)
Armour
 c - a +0 kite shield (worn)
 q - a +0 chain mail (worn)
   (You found it on level 2 of the Dungeon)
Scrolls
 e - 3 scrolls of enchant armour {unknown}
 f - a scroll of fear {unknown}
 g - 3 scrolls of identify {unknown}
 j - a scroll of fog {unknown}
 k - a scroll of immolation {unknown}
 m - a scroll of enchant weapon {unknown}
 n - 2 scrolls of amnesia {unknown}
 o - 2 scrolls of teleportation {unknown}
 p - 2 scrolls of remove curse {unknown}
Potions
 b - a potion of flight {unknown}
 d - a potion of might
 h - a potion of curing {unknown}
 i - a potion of ambrosia {unknown}
 l - a potion of invisibility {unknown}
 r - a potion of heal wounds {unknown}


   Skills:
 - Level 3.2 Fighting
 + Level 3.7 Maces & Flails
 - Level 3.2 Armour
 - Level 3.2 Shields


You had 2 spell levels left.
You didn't know any spells.
Your spell library was empty.

Dungeon Overview and Level Annotations

Branches:
Dungeon (2/15)

Altars:


Innate Abilities, Weirdness & Mutations

You are resistant to torment.
Your stone body is resilient. (AC +3)
You are immune to poison.
You resist negative energy. (rN+)
You are resistant to electric shocks. (rElec)
You can survive without breathing.
You are immune to petrification.
You are immune to rotting.


Message History

r - a green potion A bat comes into view.
A bat is nearby!
A bat is nearby!
You block the bat's attack.
You closely miss the bat. The bat hits you but does no damage.
You block the bat's attack. The bat hits you but does no damage.
You closely miss the bat. You block the bat's attack.
The bat completely misses you. You block the bat's attack.
You block the bat's attack. The bat hits you but does no damage. x2
You closely miss the bat. The bat hits you but does no damage. x3
You sock the bat!
You kill the bat!
No target in view!
No target in view!
No target in view!
No target in view!
No target in view!
No target in view!
No target in view!
No target in view!
No target in view!
No target in view!
A worm comes into view.
A worm is nearby!
You thump the worm! The worm bites you.
You hit the worm. You thump the worm!
You kill the worm!
No target in view!
No target in view!
No target in view!
No target in view!
No target in view!
No target in view!
No target in view!
No target in view!
No target in view!
Found 16 sling bullets and 3 scrolls labeled EPHA OTINLAFF.
An ogre comes into view. It is wielding a +0 giant club.
An ogre is nearby!
You hit the ogre but do no damage. The ogre hits you with a +0 giant club!
You hit the ogre. You block the ogre's attack.
You thump the ogre! The ogre hits you with a +0 giant club!
Ouch! That really hurt!
* * * LOW HITPOINT WARNING * * *
Found a stone staircase leading up.
The ogre hits you with a +0 giant club!
You die...

#.#..###### .###.#.......# .##
......##..##.# ...######
..........##.##.#......#
#######.#.#<....#......#
#.#..#.##.##.#.#.#
#.#....#.........#
#######.##.#######.#.#.##
.............O@>..(.((.<#
##.####.#.........<###..# #.
###.##...##.#######.#
##.##.................#.#
......#.###......####.#.####
##.#.......................####
# #....(........)###.#........
#...............#...........
#.#.##.#..........##..#####.


You could see an ogre.

Vanquished Creatures
  An adder (D:2)
  A worm (D:2)
  2 leopard geckos
  A ball python (D:1)
  6 bats
  2 hobgoblins (D:1)
  3 kobolds
  A frilled lizard (D:1)
  8 rats
25 creatures vanquished.

Notes
Turn   | Place    | Note
-------+----------+-------------------------------------------
     0 | D:1      | MrTaco21 the Gargoyle Fighter began the quest for the Orb.
     0 | D:1      | Reached XP level 1. HP: 14/14 MP: 1/1
   139 | D:1      | Reached XP level 2. HP: 19/19 MP: 2/2
   796 | D:2      | Reached XP level 3. HP: 23/23 MP: 3/3
  1029 | D:2      | Noticed an ogre
  1034 | D:2      | HP: 1/23 [ogre/+0 giant club (12)]
  1045 | D:2      | Mangled by an ogre

Illustrated notes

Levels and vault maps discovered:
D:1:      eino_arrival_druids_welcome, layout_basic, lemuel_another_geyser
D:2:      layout_basic, old_standard_altar, grunt_temple_overflow_cloverleaf,
          nicolae_overflow_hidden_temple, serial_glass, glass_columns_b,
          glass_columns_a, item_on_display_a, due_unseen_surprise,
          feat_on_display, kennysheep_jessica_study

Skill      XL: |  1  2 |
---------------+-------+-----
Maces & Flails | 3 |  3.7
Fighting       | |  3.2
Armour         | |  3.2
Shields        | |  3.2

Action                   || total
-------------------------++-------
Melee: Flail             ||    84
Armor: Scale mail        ||    43
       Chain mail        ||     7
Dodge: Dodged            ||    37
Block: Kite shield       ||    54

Table legend: (Time is in decaauts)
 A = Elapsed time spent in this place.
 B = Non-inter-level travel time spent in this place.
 C = Inter-level travel time spent in this place.
 D = Time resting spent in this place.
 E = Time spent auto-exploring this place.
 F = Levels seen in this place.
 G = Mean time per level.
                   A        B        C        D        E       F      G
               +--------+--------+--------+--------+--------+-----+--------+
         Total |   1072 |   1055 |     17 |    171 |    648 |   2 |  536.0 |
       Dungeon |   1072 |   1055 |     17 |    171 |    648 |   2 |  536.0 |
               +--------+--------+--------+--------+--------+-----+--------+

Top non-repeatable levels by time:
     D:1: 786 daAuts
     D:2: 286 daAuts
